 Dungeon Crawl Stone Soup version 0.21-a0-346-g330ab2c (webtiles) character file.

31 4thArraOfDagon the Vexing (level 3, 0/30 HPs)
             Began as a Hill Orc Enchanter on Oct 5, 2017.
             Slain by a worm (6 damage)
             ... on level 4 of the Dungeon.
             The game lasted 00:04:06 (761 turns).

4thArraOfDagon the Vexing (Hill Orc Enchanter)       Turns: 761, Time: 00:04:07

Health: 0/30       AC:  5    Str: 12    XL:     3   Next: 22%
Magic:  4/5        EV: 10    Int: 16    God:
Gold:   72         SH:  0    Dex: 11    Spells: 2/5 levels left

rFire    . . .     SeeInvis .   m - +0 hand axe
rCold    . . .     Gourm    .   (no shield)
rNeg     . . .     Faith    .   g - +0 ring mail
rPois    .         Spirit   .   (no helmet)
rElec    .         Reflect  .   (no cloak)
rCorr    .         Harm     .   (no gloves)
MR       .....                  (no boots)
Stlth    ..........             (no amulet)
HPRegen  0.10/turn              o - +2 ring of strength
MPRegen  0.09/turn              e - ring of loudness (curse)

@: very slightly contaminated
A: no striking features
a: no special abilities


You were on level 4 of the Dungeon.
You were not hungry.

You visited 1 branch of the dungeon, and saw 4 of its levels.

You collected 72 gold pieces.

Inventory:

Hand Weapons
 a - a +1 dagger
 h - a +0 spear
 m - a +0 hand axe (weapon)
Armour
 b - a +0 robe
 g - a +0 ring mail (worn)
Jewellery
 e - a cursed ring of loudness (right hand)
 k - an uncursed ring of ice
 o - a +2 ring of strength (left hand)
Scrolls
 f - a scroll of enchant weapon
Books
 c - a book of Maledictions

   Spells                             Type                      Level
   a - Corona                         Hexes                        1
   b - Ensorcelled Hibernation        Hexes/Ice                    2
   c - Confuse                        Hexes                        3
   d - Tukima's Dance                 Hexes                        3
   e - Dazzling Spray                 Conjuration/Hexes            3
Comestibles
 d - a bread ration
 l - a royal jelly
 n - 7 fruits
 q - a meat ration


   Skills:
 + Level 2.6 Fighting
 - Level 1.0 Short Blades
 * Level 2.0 Axes
 - Level 1.5 Dodging
 - Level 2.4 Stealth
 - Level 1.5 Spellcasting
 - Level 3.0 Hexes


You had 2 spell levels left.
You knew the following spells:

 Your Spells              Type           Power        Failure   Level  Hunger
a - Corona                Hex            ##.....      14%         1    ##.....
b - Ensorcelled Hibernat  Hex/Ice        #.....       38%         2    ###....


Dungeon Overview and Level Annotations

Branches:
Dungeon (4/15)
 Temple: D:4-7

Altars:
Gozag
Ru
The Shining One

Annotations:
D:2 Terence
D:4 Edmund


Message History

You hit the worm. Edmund closely misses you. The worm barely misses you.
Unknown command.
You hit Edmund.
Edmund is severely wounded.
You hit the worm.
Edmund says, "I might not be good at magic, but I can still kill you!"
Edmund hits you but does no damage.
Unknown command.
You hit Edmund but do no damage.
Edmund is severely wounded.
You hit the worm.
Edmund hits you with a flail of crushing!
* * * LOW HITPOINT WARNING * * *
x2 The worm closely misses you.
Unknown command.
Unknown command.
You hit Edmund but do no damage.
Edmund is severely wounded.
You barely miss the worm. Edmund barely misses you. The worm bites you.
You die...

.... ..#a..#.#..
#..# ##.. ...
.###..=# #..
...##..@##. .. ##
#...# ..
###..##..⌠..## .
#...# ...#.
..⌠.⌠..# #...#
...## .⌠._.⌠. ###.
...##..⌠.⌠..# #o.
#..##..⌠..##
#w######..#'...##.
#@#........## ##..
#@#.#####...###..#
#...# #.#..#..##
##### #....#.##
###....# #...##
##..# ####


You could see Edmund, a worm and an orc wizard (mute).

Vanquished Creatures
  An adder (D:4)
  An ooze (D:2)
  A dart slug (D:3)
  2 giant cockroaches
  2 goblins (D:2)
  2 hobgoblins
  A jackal (D:3)
  A ball python (D:4)
  2 kobolds
  3 rats
16 creatures vanquished.

Notes
Turn   | Place    | Note
-------+----------+-------------------------------------------
     0 | D:1      | 4thArraOfDagon the Hill Orc Enchanter began the quest for the Orb.
     0 | D:1      | Reached XP level 1. HP: 14/14 MP: 3/3
     0 | D:1      | 4thArraOfDagon: hey
    81 | D:1      | zero: Hello!
   205 | D:1      | Reached skill level 1 in Fighting
   263 | D:2      | Reached XP level 2. HP: 18/24 MP: 2/4
   267 | D:2      | Learned a level 2 spell: Ensorcelled Hibernation
   313 | D:2      | Noticed Terence
   368 | D:3      | Reached skill level 1 in Axes
   548 | D:3      | Found an opulent altar of Gozag.
   614 | D:4      | Found a glowing golden altar of the Shining One.
   623 | D:4      | Noticed Edmund
   651 | D:4      | Reached XP level 3. HP: 23/30 MP: 1/5
   667 | D:4      | Found a sacrificial altar of Ru.
   761 | D:4      | Slain by a worm

Vault maps used:
D:1:      tarquinn_simple_flora_water_e
D:2:      guppyfry_early_orc_mine, uniq_terence
D:3:      grunt_gozag_statues, uniq_jessica
D:4:      cheibrodos_old_hovel, nicolae_ru_great_annihilating_truth,
          lightli_temple_of_fire, tso_metal_star, uniq_edmund

Skill      XL: |  1  2 |
---------------+-------+-----
Fighting       | 2 |  2.6
Axes           | 2 |  2.0
Short Blades   | |  1.0
Dodging        | |  1.5
Stealth        | |  2.4
Spellcasting   | |  1.5
Hexes          | |  3.0

Action                   || total
-------------------------++-------
Melee: Spear             ||    54
       Dagger            ||     8
       Hand axe          ||    34
 Cast: Corona            ||     8
  Use: Scroll            ||     3
       Potion            ||     3
 Stab: Sleeping          ||     1
       Invisible         ||     2
Armor: Ring mail         ||    21
       Skin              ||    24
Dodge: Dodged            ||    52

Table legend:
 A = Spawn XP
 B = Non-spawn XP
 C = Spawn XP percentage of total XP
 D = Spawn monster count
 E = Non-spawn monster count
 F = Spawn count percentage of total count
 G = Total turns spent on level
                    A         B        C        D         E        F      G
               +---------+---------+-------+---------+---------+-------+---------
         Total |       0 |      45 |   0.0 |       0 |      16 |   0.0 |   761
               +---------+---------+-------+---------+---------+-------+---------
           D:1 |       0 |       4 |   0.0 |       0 |       3 |   0.0 |   216
           D:2 |       0 |      13 |   0.0 |       0 |       5 |   0.0 |   121
           D:3 |       0 |      10 |   0.0 |       0 |       4 |   0.0 |   246
           D:4 |       0 |      18 |   0.0 |       0 |       4 |   0.0 |   178
               +---------+---------+-------+---------+---------+-------+---------
